 Dungeon Crawl Stone Soup version 0.29-a0-823-gc37b1572da (webtiles) character file.

Game seed: 16131967173033402495

223 zeratav the Stinger (level 6, -2/36 HPs)
             Began as an Octopode Venom Mage on July 8, 2022.
             Killed by nerve-wracking pain
             ... invoked by a shadow imp
             ... summoned by Eustachio
              (12 damage)
             ... on level 4 of the Dungeon.
             The game lasted 00:05:31 (4238 turns).

zeratav the Stinger (Octopode Venom Mage)           Turns: 4238, Time: 00:05:32

Health: -2/36      AC:  3    Str:  7    XL:     6   Next: 0%
Magic:  1/9        EV: 13    Int: 25    God:
Gold:   215        SH:  0    Dex: 13    Spells: 4/9 levels left

rFire   . . .      SeeInvis .   v - +3 dagger {short}
rCold   . . .      Faith    .   (no shield)
rNeg    . . .      Spirit   .   e - +2 hat
rPois   .          Reflect  .   (no amulet)
rElec   .          Harm     .   l - +6 ring of intelligence
rCorr   .          Rampage  .   (no ring)
Will    .....                   (no ring)
Stlth   ++++......              (no ring)
HPRegen 0.12/turn               (no ring)
MPRegen 0.11/turn               (no ring)
                                (no ring)
                                (no ring)

@: no status effects
A: almost no armour, amphibious, 8 rings, camouflage 1, gelatinous body 1,
(nimble swimmer 1), tentacles
a: no special abilities


You were on level 4 of the Dungeon.
You visited 1 branch of the dungeon, and saw 6 of its levels.

You collected 215 gold pieces.


Innate Abilities, Weirdness & Mutations

You cannot wear most types of armour.
You are amphibious.
You can wear up to eight rings at the same time.
Your skin changes colour to match your surroundings (Stealth+).
Your rubbery body absorbs attacks. (AC +1, EV +1)
((You are camouflaged when in or above water. (Stealth+)))
You have tentacles for arms and can constrict up to eight enemies at once.


   Skills:
 - Level 2.0 Dodging
 - Level 5.0 Stealth
 - Level 2.0 Spellcasting
 - Level 1.0 Transmutations
 + Level 6.9 Poison Magic


You had 4 spell levels left.
You knew the following spells:

 Your Spells              Type           Power      Damage    Failure   Level
a - Sting                 Tmut/Pois      88%        1d7       2%          1
b - Olgreb's Toxic Radia  Pois           37%        N/A       6%          4

Your spell library contained the following spells:

 Spells                   Type           Power      Damage    Failure   Level
 Poisonous Vapours        Pois/Air       38%        N/A       4%          2
 Foxfire                  Conj/Fire      8%         2x1d4     11%         1
 Mephitic Cloud           Conj/Pois/Air  14%        N/A       13%         3
 Conjure Flame            Conj/Fire      2%         6-21      32%         3
 Inner Flame              Hex/Fire       2%         N/A       32%         3
 Flame Wave               Conj/Fire      2%         2d4       73%         4

Inventory:

Hand Weapons
 v - a +3 dagger (weapon) {short}
   (You took it off an orc on level 4 of the Dungeon)
Armour
 e - a +2 hat (worn)
   (You found it on level 1 of the Dungeon)
Jewellery
 h - the ring "Daokh" {Ice rElec rPois rN+ MP-9 Dex+9}
   (You found it on level 2 of the Dungeon)

   [ring of ice]

   It enhances your ice magic.
   Dex:       It affects your dexterity (+9).
   rF:        It makes you vulnerable to fire.
   rC:        It protects you from cold.
   rElec:     It insulates you from electricity.
   rPois:     It protects you from poison.
   rN:        It protects you from negative energy.
   MP:        It affects your magic capacity (-9).
 l - a +6 ring of intelligence (left tentacle)
   (You took it off a hobgoblin on level 2 of the Dungeon)
Scrolls
 d - 4 scrolls of identify {unknown}
 f - 2 scrolls of magic mapping {unknown}
 j - a scroll of fear {unknown}
 n - a scroll of poison {unknown}
 o - a scroll of noise {unknown}
 p - a scroll of vulnerability {unknown}
 s - a scroll of immolation {unknown}
 t - a scroll of teleportation {unknown}
 w - a scroll of blinking {unknown}
Potions
 a - a potion of magic
 b - a potion of brilliance {unknown}
 c - 3 potions of curing {@q1}
 i - 2 potions of lignification {unknown}
 k - a potion of invisibility {unknown}
 m - a potion of cancellation {unknown}
 q - a potion of attraction {unknown}
 r - 2 potions of resistance {unknown}
 u - a potion of mutation {unknown}

Dungeon Overview and Level Annotations

Branches:
Dungeon (6/15) Zot: 25865
 Temple: D:4-7

Altars:
Hepliaklqana
Yredelemnul

Shops:
D:2 [

Portals:
Abyss: D:3

Annotations:
D:3 2 transporters, ultragoat's ghost, amateur DrTm
D:4 Eustachio

........##.# #.##.#
.# ....###.##.#
#.##.# .#
...####.##.# #.##.#
.#
...........###....#
.#
#...............###
#.###.#.##.###..# #
#.##.###.#.#
#..####.###
#.###.#.##.#
#.5.......#
#..........#
#.5@@.:.#
######.#####
##^###### # ...#
#.# ###.####...#
##.# #.# #........#
##.# #.# #.#.######
...# #.# #.#.#
##.###.######.#.#
............#'#.#
##..........'_'.#


You could see Eustachio (very poisoned), an iron imp (summoned) and a shadow imp
(summoned).


Message History

MP[+1]
You see here a +0 mace {mace}.
You see here a +0 hand axe {axe}.
Casting: Olgreb's Toxic Radiance (quite dangerous; 6% risk of failure)
Confirm with . or Enter, or press ? or * to list all spells.
Aiming: Sting (safe; 2% risk of failure)
Press: ? - help, Shift-Dir - straight line, f - orc
Aim: an orc, wielding a +0 whip and wearing a +0 leather armour (wandering, hasn't noticed you, 76% to hit)
The sting hits the orc.
The orc is poisoned.
The orc shouts!
MP[-1]
You lost 1 mp, and now have 0/8 mp.
The orc hits you but does no damage.
You see here 19 gold pieces.
You hit the orc. Your grab misses the orc. Your squeeze misses the orc.
The orc misses you.
You hit the orc.
You kill the orc!
You have reached level 6!
HP[+5] MP[+1]
You now have 36 max hp (+5).
Your hp is fully restored (36).
Things that are here:
a +0 whip {mace}; a +0 leather armour; an orc corpse You now have 215 gold pieces (gained 19).
f - 2 scrolls labelled AVYITIFEULARCH (gained 1)
You open the door.
Found a hazy altar of Hepliaklqana.
MP[+8]
Your mp is fully restored (9).
There is an open door here.
You open the door.
There is an open door here.
You open the door.
There is a hazy altar of Hepliaklqana here.
There is an open door here.
Eustachio the Magnificent comes into view.
He is wielding a +0 falchion.
There is a shaft here.
Casting: Sting (safe; 2% risk of failure)
Confirm with . or Enter, or press ? or * to list all spells.
You don't know that spell.
Casting: Sting (safe; 2% risk of failure)
Confirm with . or Enter, or press ? or * to list all spells.
The spell is quite dangerous to miscast (6% risk of failure)!
Continue anyway?
You begin to radiate toxic energy.
Eustachio shouts!
Eustachio is poisoned.
MP[-4]
You lost 4 mp, and now have 5/9 mp.
Your toxic aura wanes.
Casting: Olgreb's Toxic Radiance (quite dangerous; 6% risk of failure)
Confirm with . or Enter, or press ? or * to list all spells.
The spell is quite dangerous to miscast (6% risk of failure)!
Continue anyway?
You begin to radiate toxic energy.
Eustachio looks even sicker.
Eustachio casts a spell.
MP[-4]
You lost 4 mp, and now have 1/9 mp.
Eustachio looks even sicker.
Your toxic aura wanes.
Casting: Olgreb's Toxic Radiance (quite dangerous; 6% risk of failure)
Confirm with . or Enter, or press ? or * to list all spells.
Aiming: Sting (safe; 2% risk of failure)
Press: ? - help, Shift-Dir - straight line, f - Eustachio
Aim: Eustachio, wielding a +0 falchion and wearing a +0 leather armour (moderately wounded, very poisoned, 67% to hit)
The sting misses Eustachio.
The shadow imp grins evilly.
MP[-1]
You lost 1 mp, and now have 0/9 mp.
You hit Eustachio. Your grab misses Eustachio.
Eustachio screams, "Hey, you killed my favourite bat!"
Eustachio hits you with a +0 falchion.
HP[-5]
You take 5 damage, and now have 31/36 hp.
You barely miss Eustachio. Your grab misses Eustachio.
Eustachio gestures wildly while chanting.
Eustachio blinks!
You hit the iron imp. Your grab misses the iron imp. The iron imp hits you.
The shadow imp hits you.
HP[-4]
You take 4 damage, and now have 27/36 hp.
Unknown command.
Eustachio yells, "Perjured traitor, DIE!"
HP[+1] MP[+1] Eustachio calls on the powers of shadow!
You hit Eustachio. You grab Eustachio. You constrict Eustachio.
Eustachio misses you.
You hit Eustachio. You constrict Eustachio.
Eustachio hits you with a +0 falchion!
The iron imp disappears for a moment.
The iron imp hits you.
* * * LOW HITPOINT WARNING * * *
The shadow imp grins evilly.
HP[-12]
You take 12 damage, and now have 16/36 hp.
MASSIVE DAMAGE!! (PAUSE)
You hit Eustachio but do no damage. You constrict Eustachio.
Eustachio hits you with a +0 falchion.
* * * LOW HITPOINT WARNING * * *
The shadow imp gestures at you. Pain shoots through your body!
You die...

Skill      XL: |  1  2  3  4  5 |
---------------+----------------+-----
Stealth        | 3 4 5 |  5.0
Poison Magic   | 4 5 6 |  6.9
Dodging        | |  2.0
Spellcasting   | |  2.0
Transmutations | |  1.0

Action                   |  1- 3 |  4- 6 || total
-------------------------+-------+-------++-------
Melee: Club              |     7 |       ||     7
       Constrict         |     9 |    14 ||    23
       Tentacles         |     9 |     8 ||    17
       Unarmed           |     2 |       ||     2
       Mace              |    28 |    39 ||    67
       Dagger            |       |    10 ||    10
       Punch             |       |     1 ||     1
 Cast: Sting             |    46 |    45 ||    91
       Olgreb's Toxic Ra |       |     6 ||     6
  Use: Potion            |       |     1 ||     1
 Stab: Sleeping          |     5 |       ||     5
Armor: Skin              |    11 |    14 ||    25
Dodge: Dodged            |    20 |    52 ||    72

Levels and vault maps discovered:
D:1:      saegor_arrival_under_anarchy, layout_basic, corexii_hall_statues_i
D:2:      layout_loops_cross, serial_shops, shop, basic_ecumenical_altar,
          minmay_hexomino_c4
D:3:      layout_loops_ring, nicolae_overflow_crystal_walls,
          gammafunk_ghost_abyssal_escape, st_stairs_12
D:4:      layout_loops_ring, kennysheep_mini, ebering_ghost_reflecting_pool,
          uniq_eustachio
D:5:      layout_rooms, minmay_temple_entry_gardened_gates,
          gammafunk_ghost_necromancy, saegor_snake_ambush
D:6:      layout_rooms, elyvilon_altar_1, uniq_duvessa, uniq_edmund

Notes
Turn   | Place    | Note
-------+----------+-------------------------------------------
     0 | D:1      | zeratav the Octopode Venom Mage began the quest for the
                  | Orb.
     0 | D:1      | Reached XP level 1. HP: 11/11 MP: 3/3
     0 | D:1      | magus.rc [v1.9.6]
   288 | D:1      | Reached skill level 3 in Stealth
   593 | D:1      | Reached skill level 4 in Poison Magic
   593 | D:1      | Reached XP level 2. HP: 17/17 MP: 5/5
  1154 | D:2      | Identified the ring "Daokh" {Ice rElec rPois rN+ MP-9
                  | Dex+9}
  1375 | D:2      | Reached XP level 3. HP: 21/21 MP: 3/6
  1461 | D:2      | Reached skill level 4 in Stealth
  1832 | D:2      | Found Zysmivun's Antique Armour Boutique.
  1846 | D:2      | Found a faded altar of an unknown god.
  2025 | D:3      | Noticed ultragoat's ghost (amateur DrTm)
  2026 | D:3      | Noticed an ancient zyme
  2029 | D:3      | Noticed a small abomination
  2032 | D:3      | Noticed a small abomination
  2480 | D:3      | Reached XP level 4. HP: 23/27 MP: 1/7
  2631 | D:3      | Found a basalt altar of Yredelemnul.
  2864 | D:3      | Reached skill level 5 in Poison Magic
  3018 | D:3      | Found a one-way gate to the infinite horrors of the Abyss.
  3022 | D:3      | Found a transporter.
  3079 | D:3      | Found a transporter.
  3087 | D:3      | Noticed a small abomination
  3088 | D:3      | You fall into a shaft and drop 3 floors!
  3097 | D:5      | Entered Level 5 of the Dungeon
  3109 | D:5      | Noticed a scorpion
  3242 | D:4      | Reached skill level 5 in Stealth
  3359 | D:4      | You pick up a book of Flames and begin reading...
  3359 | D:4      | You add the spells Foxfire, Conjure Flame, Inner Flame and
                  | Flame Wave to your library.
  3435 | D:4      | Reached XP level 5. HP: 19/31 MP: 5/8
  3688 | D:4      | Noticed a black bear
  3804 | D:4      | Learned a level 4 spell: Olgreb's Toxic Radiance
  3827 | D:4      | Reached skill level 6 in Poison Magic
  4063 | D:4      | Reached XP level 6. HP: 36/36 MP: 1/9
  4208 | D:4      | Found a hazy altar of Hepliaklqana.
  4225 | D:4      | Noticed Eustachio
  4238 | D:4      | Killed from afar by a shadow imp

Vanquished Creatures
  An orc priest (D:4)
  An iguana (D:4)
  2 orc wizards (D:4)
  3 adders
  A worm (D:4)
  2 dart slugs
  11 orcs
  9 ball pythons
  5 endoplasms
  3 giant cockroaches (D:3)
  3 hobgoblins
  7 jackals
  A quokka (D:4)
  3 bats
  3 frilled lizards
  9 goblins
  4 kobolds
  6 rats
74 creatures vanquished.

Table legend:
 A = Non-vault XP
 B = Vault XP
 C = Vault XP percentage of total XP
 D = Non-vault monster count
 E = Vault monster count
 F = Vault count percentage of total count
                 A         B        C        D         E       F
            +---------+---------+-------+---------+---------+-------
      Total |     297 |      22 |   6.9 |      66 |       8 |  10.8
            +---------+---------+-------+---------+---------+-------
        D:1 |      28 |       0 |   0.0 |      18 |       0 |   0.0
        D:2 |      20 |       7 |  25.9 |      11 |       6 |  35.3
        D:3 |      50 |      15 |  23.1 |      19 |       2 |   9.5
        D:4 |     199 |       0 |   0.0 |      18 |       0 |   0.0
            +---------+---------+-------+---------+---------+-------

Illustrated notes

Table legend:
 A = Kills in this place as a percentage of kills in entire the game.
 B = Kills by you in this place as a percentage of kills by you in the entire game.
 C = Kills by friends in this place as a percentage of kills by friends in the entire game.
 D = Other kills in this place as a percentage of other kills in the entire game.
 E = Experience gained in this place as a percentage of experience gained in the entire game.
 F = Experience gained in this place divided by the number of levels of this place that you have seen.
                   A       B       C       D       E      F
               +-------+-------+-------+-------+-------+----------------------
         Total | 100.0 | 100.0 |   N/A |   N/A | 100.0 |  53.2
       Dungeon | 100.0 | 100.0 |   N/A |   N/A | 100.0 |  53.2
               +-------+-------+-------+-------+-------+----------------------

Table legend: (Time is in decaauts)
 A = Elapsed time spent in this place.
 B = Non-inter-level travel time spent in this place.
 C = Inter-level travel time spent in this place.
 D = Time resting spent in this place.
 E = Time spent auto-exploring this place.
 F = Levels seen in this place.
 G = Mean time per level.
                   A        B        C        D        E       F      G
               +--------+--------+--------+--------+--------+-----+--------+
         Total |   4262 |   4172 |     90 |    779 |   2872 |   6 |  710.3 |
       Dungeon |   4262 |   4172 |     90 |    779 |   2872 |   6 |  710.3 |
               +--------+--------+--------+--------+--------+-----+--------+

Top non-repeatable levels by time:
     D:3: 1210 daAuts
     D:1: 1123 daAuts
     D:4: 1021 daAuts
     D:2: 880 daAuts
     D:5: 17 daAuts
     D:6: 8 daAuts
